 Dungeon Crawl Stone Soup version 0.28-a0-32-g8dfe7f97f6 (webtiles) character file.

Game seed: 419757057566815132

548 Sin92 the Shield-Bearer (level 7, -7/54 HPs)
             Began as a Demonspawn Fighter on July 27, 2021.
             Killed from afar by Ijyb (24 damage)
             ... with a bolt of acid
             ... on level 5 of the Dungeon.
             The game lasted 00:06:40 (4940 turns).

Sin92 the Shield-Bearer (Demonspawn Fighter)        Turns: 4940, Time: 00:06:40

Health: -7/54      AC: 22    Str: 17    XL:     7   Next: 7%
Magic:  7/7        EV:  7    Int:  9    God:
Gold:   184        SH:  9    Dex: 14    Spells: 6/6 levels left

rFire   . . .      SeeInvis +   o - +1 mace (protect)
rCold   . . .      Faith    .   c - +0 kite shield
rNeg    . . .      Spirit   .   s - +0 plate armour
rPois   .          Reflect  .   (helmet restricted)
rElec   .          Harm     .   i - +0 cloak
rCorr   .          Rampage  .   f - +0 pair of gloves
Will    .....                   n - +0 pair of boots
Stlth   ..........              (no amulet)
HPRegen 0.18/turn               e - ring of see invisible
MPRegen 0.10/turn               k - +4 ring of evasion

@: under a protective aura
A: antennae 1, demonic magic 2
a: no special abilities


You were on level 5 of the Dungeon.
You visited 1 branch of the dungeon, and saw 5 of its levels.

You collected 300 gold pieces.
You spent 116 gold pieces at shops.

Inventory:

Hand Weapons
 a - a +0 flail
 o - a +1 mace of protection (weapon)
Armour
 b - a +0 scale mail
 c - a +0 kite shield (worn)
 f - a +0 pair of gloves (worn)
 i - a +0 cloak (worn)
 j - a +1 chain mail
 n - a +0 pair of boots (worn)
 s - a +0 plate armour (worn)
Jewellery
 e - a ring of see invisible (left hand)
 k - a +4 ring of evasion (right hand)
Scrolls
 g - a scroll of vulnerability
 l - a scroll of amnesia
 m - a scroll of identify
Potions
 h - 2 potions of flight


   Skills:
 + Level 4.2 Fighting
 + Level 4.2 Maces & Flails
 + Level 4.0 Armour
 + Level 1.0 Dodging
 + Level 0.2 Stealth
 + Level 4.4 Shields


You had 6 spell levels left.
You didn't know any spells.
Your spell library contained the following spells:

 Spells                   Type           Power      Damage    Failure   Level
 Shock                    Conj/Air       0%         1d3       100%        1
 Swiftness                Air            0%         N/A       100%        3
 Airstrike                Air            0%         N/A       100%        4


Dungeon Overview and Level Annotations

Branches:
Dungeon (5/15)             Temple (0/1) D:5

Altars:
Uskayaw

Shops:
D:2 *

Annotations:
D:5 Ijyb


Innate Abilities, Weirdness & Mutations

You have a pair of small antennae on your head.
Spells you cast may paralyse nearby enemies.


Message History

There are monsters nearby!
You are too injured to fight recklessly!
Unknown command.
There are monsters nearby!
You closely miss the adder.
You feel sick. The hornet zombie hits you. You block the adder's attack.
The adder bites you.
You barely miss the adder.
You feel sick. The adder bites you but does no damage. You block Ijyb's attack.
The adder completely misses you.
Unknown command.
You sock the adder!
Your weapon exudes an aura of protection.
The adder is heavily wounded.
You feel sick. You block the adder's attack.
Ijyb screams, "Get away!"
Ijyb hits you but does no damage. The adder bites you but does no damage.
Unknown command.
Unknown command.
You hit the adder.
The adder is almost dead.
You feel sick.
You are no longer poisoned.
You block Ijyb's attack. The adder barely misses you. You block Ijyb's attack.
Unknown command.
You miss the adder.
The adder is almost dead.
The adder barely misses you. Ijyb barely misses you.
The adder completely misses you.
You completely miss the adder.
The adder is almost dead.
The adder barely misses you. Ijyb completely misses you.
The adder bites you but does no damage. You block Ijyb's attack.
You hit the adder.
The adder is almost dead.
The adder bites you but does no damage. You block Ijyb's attack.
You block the adder's attack.
You barely miss the adder.
The adder is almost dead.
The adder barely misses you.
Ijyb zaps a wand.
The bolt of acid hits you!!
You die...

...##.# ******* $≈..#.#
*,,,,,* $...#.# *,***,*
.≈..#.######## *,* *,*
Z..##.#......# *,* *,*
S.##....>....#####,* *,*
'##.###..........#,* *,*
.S..# #......###.#,* *,*
....# #.....^.Zg@#,* *,*
...Z###.......##S#,***,*
.................#,,,,,*
.#####.#.####.####***,,*
...............),,,,*,,*
...###......#.###**,*,,*
.#.###..†..##.# *,*,,*
.#.....#......# *,*,,*
.##.####.######****,*,,*


You could see Ijyb, an adder and a hornet zombie.

Vanquished Creatures
  A water moccasin (D:4)
  An ogre (D:4)
  2 phantoms
  A bullfrog zombie (D:5)
  A hound (D:4)
  A hound skeleton (D:4)
  8 adders
  A river rat (D:4)
  2 dart slugs
  5 endoplasms
  2 giant cockroaches (D:4)
  6 goblins
  3 hobgoblins
  15 jackals
  3 quokkas
  4 ball pythons
  A bat (D:2)
  2 frilled lizards (D:1)
  6 kobolds
  A rat (D:4)
66 creatures vanquished.

Vanquished Creatures (others)
  20 plants (D:4)
20 creatures vanquished.

Grand Total: 86 creatures vanquished

Notes
Turn   | Place    | Note
-------+----------+-------------------------------------------
     0 | D:1      | Sin92 the Demonspawn Fighter began the quest for the Orb.
     0 | D:1      | Reached XP level 1. HP: 18/18 MP: 1/1
   161 | D:1      | Gained mutation: You have a pair of small antennae on your
                  | head. [demonic ancestry]
   161 | D:1      | Reached XP level 2. HP: 24/24 MP: 2/2
   490 | D:1      | Found a faded altar of an unknown god.
  1307 | D:2      | Reached XP level 3. HP: 20/29 MP: 3/3
  1786 | D:2      | Found Qiluarph's General Store.
  2304 | D:3      | Noticed a phantom
  2330 | D:3      | Killed a phantom
  2331 | D:3      | Gained mutation: Spells you cast may paralyse adjacent
                  | enemies. [demonic ancestry]
  2331 | D:3      | Reached XP level 4. HP: 8/36 MP: 4/4
  2608 | D:2      | Bought a +1 mace of protection for 116 gold pieces
  2659 | D:3      | Reached XP level 5. HP: 41/41 MP: 5/5
  3139 | D:3      | Found a hide-covered altar of Uskayaw.
  4112 | D:4      | Noticed an ogre
  4122 | D:4      | Killed an ogre
  4123 | D:4      | Reached XP level 6. HP: 35/48 MP: 6/6
  4546 | D:5      | Entered Level 5 of the Dungeon
  4609 | D:5      | Noticed a water moccasin
  4646 | D:4      | Killed a water moccasin
  4650 | D:4      | Reached skill level 1 in Dodging
  4650 | D:4      | Gained mutation: Spells you cast may paralyse nearby
                  | enemies. [demonic ancestry]
  4650 | D:4      | Reached XP level 7. HP: 10/54 MP: 7/7
  4928 | D:5      | Noticed Ijyb
  4940 | D:5      | Killed from afar by Ijyb

Illustrated notes

Levels and vault maps discovered:
D:1:      dpeg_arrival_pond, layout_basic, basic_ecumenical_altar
D:2:      layout_loops_ring, serial_shops, nicolae_shop_behind_doors
D:3:      layout_rooms, mainiacjoe_overflow_alcove_1, minmay_hedge_maze,
          hex_tiny
D:4:      layout_gridville, gup_sewer_entry_spiral, serial_bayou,
          serial_bayou_lagoon_a, serial_bayou_pond_b, serial_bayou_pond_e,
          serial_bayou_shore_a, serial_bayou_crossing, serial_bayou_shore_b
D:5:      layout_basic, amcnicky_altar_gilded,
          minmay_temple_entry_statues_fountains, kennysheep_small_circle,
          uniq_ijyb

Skill      XL: |  1  2  3  4  5  6 |
---------------+-------------------+-----
Maces & Flails | 2 3 4 |  4.2
Shields        | 3 4 |  4.4
Armour         | 3 4 |  4.0
Fighting       | 4 |  4.2
Dodging        | 1 |  1.0
Stealth        | |  0.2

Action                   |  1- 3 |  4- 6 |  7- 9 || total
-------------------------+-------+-------+-------++-------
Melee: Flail             |   137 |    20 |       ||   157
       Mace              |       |   153 |    36 ||   189
  Use: Scroll            |     2 |     3 |       ||     5
       Potion            |     4 |     4 |       ||     8
Armor: Scale mail        |    65 |       |       ||    65
       Chain mail        |    23 |    77 |       ||   100
       Plate armour      |       |    74 |    47 ||   121
Dodge: Dodged            |    69 |    89 |    26 ||   184
Block: Kite shield       |    98 |   120 |    39 ||   257

Table legend: (Time is in decaauts)
 A = Elapsed time spent in this place.
 B = Non-inter-level travel time spent in this place.
 C = Inter-level travel time spent in this place.
 D = Time resting spent in this place.
 E = Time spent auto-exploring this place.
 F = Levels seen in this place.
 G = Mean time per level.
                   A        B        C        D        E       F      G
               +--------+--------+--------+--------+--------+-----+--------+
         Total |   5175 |   4935 |    240 |    399 |   3623 |   5 | 1035.0 |
       Dungeon |   5175 |   4935 |    240 |    399 |   3623 |   5 | 1035.0 |
               +--------+--------+--------+--------+--------+-----+--------+

Top non-repeatable levels by time:
     D:4: 1750 daAuts
     D:1: 1247 daAuts
     D:2: 1134 daAuts
     D:3: 891 daAuts
     D:5: 150 daAuts
